 Dungeon Crawl Stone Soup version 0.30.1-3-gfc49f6343a (webtiles) character file.

Game seed: 18385319429803411074

84 Destapler the Shield-Bearer (level 4, 0/41 HPs)
             Began as a Minotaur Fighter on July 22, 2023.
             Slain by a gnoll
             ... wielding a +1 whip of flaming
              (1 damage)
             ... on level 3 of the Dungeon.
             The game lasted 00:02:55 (1436 turns).

Destapler the Shield-Bearer (Minotaur Fighter)      Turns: 1436, Time: 00:02:57

Health: 0/41       AC:  9    Str: 23    XL:     4   Next: 24%
Magic:  3/3        EV: 10    Int:  5    God:
Gold:   171        SH:  4    Dex:  9    Spells: 3/3 levels left

rFire   . . .        a - +0 war axe
rCold   . . .        c - +0 buckler
rNeg    . . .        h - +2 ring mail {rPois}
rPois   +            (helmet restricted)
rElec   .            (no cloak)
rCorr   .            (no gloves)
SInv    .            n - +0 pair of boots
Will    .....        (no amulet) Stlth
                     (no ring)
HPRegen 0.26/turn    (no ring)
MPRegen 0.08/turn

%: no passive effects
@: no status effects
A: horns 2, retaliatory headbutt
a: no special abilities


You were on level 3 of the Dungeon.
You visited 1 branch of the dungeon, and saw 3 of its levels.

You collected 171 gold pieces.

Inventory:

Hand Weapons
 a - a +0 war axe (weapon)
Missiles
 j - 3 boomerangs (quivered)
Armour
 b - a +0 scale mail
 c - a +0 buckler (worn)
 h - a +2 ring mail of poison resistance (worn)
 n - a +0 pair of boots (worn)
Jewellery
 q - a ring of ice
 r - a ring of willpower
Wands
 s - a wand of roots (14)
Scrolls
 e - a scroll of identify {unknown}
 f - a scroll of fog {unknown}
 g - a scroll of vulnerability {unknown}
 i - a scroll of amnesia {unknown}
 m - a scroll of magic mapping {unknown}
 p - a scroll of teleportation {unknown}
 u - a scroll of enchant weapon {unknown}
 v - a scroll of poison {unknown}
 x - a scroll of fear {unknown}
Potions
 d - a potion of might
 k - a potion of ambrosia {unknown}
 l - a potion of magic {unknown}
 o - a potion of heal wounds {unknown}
 t - a potion of attraction {unknown}
 w - a potion of resistance {unknown}


   Skills:
 + Level 4.3 Fighting
 + Level 3.4 Axes
 + Level 4.3 Armour
 + Level 4.4 Shields


You had 3 spell levels left.
You didn't know any spells.
Your spell library contained the following spells:

 Spells                   Type           Power      Damage    Failure   Level
 Ensorcelled Hibernation  Hex/Ice        0%         N/A       83%         2
 Passwall                 Tmut/Erth      0%         N/A       83%         2
 Static Discharge         Conj/Air       0%         2-2/arc   83%         2
 Swiftness                Air            0%         N/A       96%         3
 Airstrike                Air            0%         2d(0-16)  100%        4
 Summon Lightning Spire   Summ/Air       0%         N/A       100%        4


Dungeon Overview and Level Annotations

Branches:
Dungeon (3/15)

Altars:

Shops:
D:2 :


Innate Abilities, Weirdness & Mutations

You have a pair of horns on your head.
You reflexively headbutt those who attack you in melee.


Message History

You hit the gnoll. You barely miss the gnoll. You block the gnoll's attack.
The gnoll misses you. The gnoll hits you with a +0 club.
You barely miss the gnoll.
The gnoll is moderately wounded.
You hit the gnoll. You hit the gnoll but do no damage.
The gnoll hits you with a +1 whip of flaming.
The gnoll burns you. The gnoll hits you with a +0 spear!
The gnoll barely misses you.
You slash the gnoll!
The gnoll is almost dead.
You hit the gnoll. x2; The gnoll hits you but does no damage. x2
The gnoll hits you with a +0 club.
* * * LOW HITPOINT WARNING * * *
The gnoll hits you but does no damage. The gnoll hits you with a +0 club!
* * * LOW HITPOINT WARNING * * *
The gnoll hits you with a +1 whip of flaming.
* * * LOW HITPOINT WARNING * * *
The gnoll burns you.
* * * LOW HITPOINT WARNING * * *
You hit the gnoll.
You kill the gnoll!
You closely miss the gnoll. You barely miss the gnoll.
The gnoll hits you with a +0 club.
* * * LOW HITPOINT WARNING * * *
You block the gnoll's attack.
Unknown command.
You closely miss the gnoll.
The gnoll is severely wounded.
You hit the gnoll but do no damage. The gnoll hits you with a +0 club.
* * * LOW HITPOINT WARNING * * *
The gnoll closely misses you. The gnoll hits you but does no damage.
The gnoll barely misses you.
Unknown command.
You barely miss the gnoll.
The gnoll is severely wounded.
You hit the gnoll. The gnoll barely misses you.
The gnoll hits you with a +1 whip of flaming.
* * * LOW HITPOINT WARNING * * *
The gnoll burns you.
You die...

...##.............#
...'..............#
...##.............#
...##.............#
......#############
#...........##########
.......>.............#
#.....#..............#
###.............@)...#
#.###........gg....#
#..................#
#####..............#
## #..............# .#
#))............# .#
#.)............# .#
#..............# ##
#........


You could see 2 gnolls.

Vanquished Creatures
  An adder (D:3)
  A gnoll (D:3)
  3 dart slugs
  5 orcs (D:3)
  3 ball pythons
  2 bats
  5 endoplasms
  4 giant cockroaches
  3 goblins
  6 hobgoblins
  3 jackals (D:3)
  6 kobolds
  4 frilled lizards
  4 rats
50 creatures vanquished.

Notes
Turn   | Place    | Note
-------+----------+-------------------------------------------
     0 | D:1      | Destapler the Minotaur Fighter began the quest for the Orb.
     0 | D:1      | Reached XP level 1. HP: 19/19 MP: 0/0
    52 | D:1      | Reached XP level 2. HP: 27/27 MP: 1/1
   119 | D:1      | Found a faded altar of an unknown god.
   776 | D:2      | Reached XP level 3. HP: 33/33 MP: 2/2
   953 | D:2      | Found Giom's Book Boutique.
  1373 | D:3      | Reached XP level 4. HP: 36/40 MP: 3/3
  1436 | D:3      | HP: 1/41 [gnoll/+1 whip of flaming (3)]
  1436 | D:3      | Slain by a gnoll

Illustrated notes

Levels and vault maps discovered:
D:1:      dpeg_arrival_more_subterranean_lakeside_camping, layout_basic,
          hellmonk_ecumenical_altar_zigzags
D:2:      layout_basic, serial_shops, nicolae_shop_peninsula
D:3:      layout_basic

Skill      XL: |  1  2 |
---------------+-------+-----
Armour         | 4 |  4.3
Fighting       | 4 |  4.3
Shields        | 4 |  4.4
Axes           | 3 |  3.4

Action                     |  1- 3 |  4- 6 || total
---------------------------+-------+-------++-------
  Melee: War axe           |    80 |     8 ||    88
         Headbutt          |     6 |       ||     6
 Armour: Scale mail        |     7 |       ||     7
         Ring mail         |    30 |     5 ||    35
  Dodge: Dodged            |    39 |     8 ||    47
  Block: Buckler           |    18 |     3 ||    21
